[Event "Team 45 45 League T55"]
[Site "Internet Chess Club"]
[Date "2012.11.17"]
[Round "1"]
[White "charles-allen"]
[Black "Shijith"]
[Result "0-1"]
[WhiteElo "1874"]
[BlackElo "2003"]
[Opening "French: Tarrasch, closed variation"]
[ECO "C05"]
[Time "08:36:50"]
[TimeControl "2700+45"]

1. e4 e6 2. d4 d5 3. Nd2 Nf6 4. Bd3 dxe4 5. Nxe4 Nbd7 6. Nf3 Be7 7. Qe2 Nxe4 8.
Bxe4 Nf6 9. Bxb7 Bxb7 10. Qb5+ Qd7 11. Qxb7 O-O 12. Qb3 Rab8 13. Qd3 c5 14. Ne5
Qd6 15. Bf4 Nd5 16. Bg3 cxd4 17. Qxd4 Qa6 18. Nd3 Nb4 19. O-O Nxc2 20. Qb4
{White resigns} 0-1

[Event "Team 45 45 League T55"]
[Site "Internet Chess Club"]
[Date "2012.11.19"]
[Round "1"]
[White "Archdruid"]
[Black "ChessicalZ"]
[Result "0-1"]
[WhiteElo "1594"]
[BlackElo "1857"]
[Opening "Réti opening"]
[ECO "A05"]
[Time "12:00:22"]
[TimeControl "2700+45"]

1. Nf3 Nf6 2. b3 d5 3. e3 Bf5 4. Bb2 e6 5. c4 c6 6. cxd5 exd5 7. Nc3 Nbd7 8. d4
Bd6 9. Bd3 Ne4 10. Bxe4 dxe4 11. Nd2 Nf6 12. Nf1 O-O 13. Ng3 Bg6 14. a4 Bb4 15.
O-O Bxc3 16. Bxc3 Nd5 17. Bd2 a5 18. Rc1 f5 19. Qc2 Qe7 20. Qc4 Kh8 21. f4 h5
22. Qc5 Qxc5 23. Rxc5 Ra6 24. Re1 Rb6 25. Rb1 Ra6 26. Nh1 Rf6 27. Nf2 b6 28. Rc2
h4 29. Nh3 Bh5 30. Rbc1 Ne7 31. Ng5 Bf7 32. Rc3 Bd5 33. h3 Kg8 34. Kh2 Ra8 35.
g3 hxg3+ 36. Kxg3 Rh6 37. Rh1 g6 38. h4 Kg7 39. Be1 Rah8 40. Bf2 Ng8 41. Kg2 Kf6
42. Kf1 Ke7 43. Ke1 Nf6 44. Kd2 Rc8 45. Ke2 Kd6 46. Kd2 Rc7 47. Ke2 Rh8 48. Kd2
Rhc8 49. Rhc1 c5 50. Nh3 cxd4 51. Rxc7 Rxc7 52. Rg1 Ng4 53. exd4 Bxb3 54. Rb1
Rc2+ 55. Ke1 Rc3 56. Ng5 Nxf2 57. Kxf2 Kc6 58. Nh7 Bf7 59. Ng5 Bg8 60. Ke2 Rc4
61. Ra1 Rxd4 62. Rc1+ Kd7 63. Ra1 Bb3 64. Rb1 Rb4 65. Rg1 Rxa4 66. Nh7 Bf7 67.
Nf8+ Ke8 68. Nxg6 Ra2+ 69. Ke3 Ra3+ 70. Kd4 Rd3+ 71. Ke5 Rd5+ 72. Kf6 Bxg6 73.
Kg5 Kf7 74. h5 Bh7 75. h6 a4 76. Rc1 Rc5 77. Rd1 Ke7 78. Rb1 b5 79. Ra1 Rc6 80.
Rb1 Rb6 81. Rc1 Rb7 82. Ra1 b4 83. Rxa4 b3 84. Ra1 b2 85. Rb1 e3 86. Kh4 Kf6 87.
Kg3 Rb3 88. Kf3 Kg6 89. Kg3 Kxh6 90. Kh4 e2 91. Rxb2 Rxb2 {White resigns} 0-1

[Event "Team 45 45 League T55"]
[Site "Internet Chess Club"]
[Date "2012.11.15"]
[Round "1"]
[White "PJ"]
[Black "Egmont"]
[Result "1-0"]
[WhiteElo "1655"]
[BlackElo "1754"]
[Opening "Sicilian: closed, 6.Be3"]
[ECO "B26"]
[Time "14:00:35"]
[TimeControl "2700+45"]

1. e4 c5 2. Nc3 Nc6 3. g3 g6 4. Bg2 Bg7 5. d3 d6 6. Be3 e6 7. Qd2 Nge7 8. Bh6
O-O 9. Bxg7 Kxg7 10. f4 Nd4 11. Nce2 Nec6 12. c3 Nxe2 13. Nxe2 Rb8 14. O-O Qc7
15. Bh3 f5 16. g4 Ne7 17. e5 dxe5 18. fxe5 Qxe5 19. Rae1 Qc7 20. gxf5 exf5 21.
Nf4 b5 22. Re6 Rb6 23. Rfe1 Rxe6 24. Rxe6 Kg8 25. Re2 Qd6 26. Qe3 Nd5 27. Nxd5
Qxd5 28. Bg2 Qd6 29. Qe5 Qxe5 30. Rxe5 c4 31. dxc4 bxc4 32. Bd5+ Kg7 33. Bxc4 a6
34. Kf2 Rf6 35. h4 Kh6 36. Re7 Kh5 37. Be2+ Kh6 38. Bc4 Rf8 39. Bd5 Rd8 40. c4
Rd7 41. Rxd7 Bxd7 42. c5 Bc8 43. b4 Kh5 44. Kg3 h6 45. a4 g5 46. hxg5 hxg5 47.
b5 axb5 48. axb5 f4+ 49. Kg2 Kh4 50. b6 Bh3+ 51. Kf2 g4 52. b7 {Black resigns}
1-0

[Event "Team 45 45 League T55"]
[Site "Internet Chess Club"]
[Date "2012.11.17"]
[Round "1"]
[White "xt"]
[Black "tightfist"]
[Result "1-0"]
[WhiteElo "1584"]
[BlackElo "1509"]
[Opening "Sicilian: Taimanov variation"]
[ECO "B45"]
[Time "20:05:47"]
[TimeControl "2700+45"]

1. e4 e6 2. Nf3 c5 3. d4 cxd4 4. Nxd4 Nc6 5. Nc3 Nf6 6. Bc4 Qb6 7. Nxc6 bxc6 8.
Bb3 Bb4 9. Bd2 O-O 10. Qe2 Ba6 11. Qf3 e5 12. O-O-O Rab8 13. Kb1 Rb7 14. Na4 Qa5
15. c3 Be7 16. g4 Qc7 17. g5 Ne8 18. h4 Qd6 19. h5 Qd3+ 20. Qxd3 Bxd3+ 21. Kc1
Bxe4 22. Rh4 Bd5 23. c4 Be6 24. Be3 d6 25. Rg1 d5 26. cxd5 Bxd5 27. Bxd5 cxd5
28. Kb1 Nc7 29. Bc5 Bxc5 30. Nxc5 Rb5 31. Nd7 Re8 32. Rc1 Na6 33. Ra4 Rb7 34.
Nxe5 Nc7 35. f4 f6 36. gxf6 gxf6 37. Ng4 Kf7 38. Nh6+ Ke6 39. b3 Kd7 40. Ng4 Re6
41. f5 Rd6 42. Rd4 Nb5 43. Rd3 d4 44. Nf2 Nc3+ 45. Ka1 Rb5 46. Rf3 Rdd5 47. Nd1
Ne4 48. Rd3 Nc5 49. Rf3 Kd6 50. Nb2 d3 51. Kb1 Rb4 52. Rxc5 Rxc5 53. Nxd3 Rc3
54. Kb2 Rxd3 55. Rxd3+ Ke5 56. Rd7 Rb6 57. Rxh7 Ra6 58. Rg7 Kxf5 59. h6 Rc6 60.
h7 Rc8 61. Rg8 Rc7 62. h8=Q Rc6 63. Qh5+ Ke6 64. Re8+ Kd7 65. Qd5+ Kxe8 66.
Qxc6+ Ke7 67. Qc5+ Ke6 68. Qxa7 Ke5 69. Qe3+ Kf5 70. a4 Kg4 71. a5 f5 72. a6 f4
73. Qf2 f3 74. a7 Kf4 75. a8=Q Kg4 76. Qfxf3+ Kg5 77. Qg8+ Kh6 78. Qh1# {Black
checkmated} 1-0

[Event "Team 45 45 League T55"]
[Site "Internet Chess Club"]
[Date "2012.11.18"]
[Round "1"]
[White "primerpaso"]
[Black "chess123"]
[Result "1-0"]
[WhiteElo "1935"]
[BlackElo "1783"]
[Opening "English: Anglo-Grünfeld defense"]
[ECO "A16"]
[Time "17:01:08"]
[TimeControl "2700+45"]

1. c4 Nf6 2. Nc3 d5 3. cxd5 Nxd5 4. g3 c6 5. Bg2 e6 6. Nf3 Bd6 7. O-O O-O 8. d4
Nd7 9. e4 N5b6 10. b3 e5 11. Bb2 exd4 12. Nxd4 Ne5 13. Nce2 Qe7 14. Qc2 Bd7 15.
Nf4 c5 16. Nf5 Bxf5 17. exf5 c4 18. Rfe1 Qc7 19. Qe4 Nc6 20. bxc4 Bxf4 21. gxf4
h6 22. f6 g6 23. f5 g5 24. h4 Qf4 25. Qxf4 gxf4 26. Re4 Na4 27. Ba3 Rfd8 28.
Rxf4 Rd4 29. Bxc6 Rxf4 30. Bxa4 Rxc4 31. Bb3 Rxh4 32. Rc1 Rf4 33. Rc7 Rxf5 34.
Rxf7 Kh8 35. Bc2 Rg5+ 36. Kf1 Kg8 37. Rxb7 {Black resigns} 1-0

[Event "Team 45 45 League T55"]
[Site "Internet Chess Club"]
[Date "2012.11.16"]
[Round "1"]
[White "pishd"]
[Black "frank001"]
[Result "1/2-1/2"]
[WhiteElo "1760"]
[BlackElo "1774"]
[Opening "Queen's pawn game"]
[ECO "D02"]
[Time "03:05:16"]
[TimeControl "2700+45"]

1. d4 d5 2. Nf3 e6 3. Bg5 Nf6 4. e3 h6 5. Bh4 Nbd7 6. Bd3 a6 7. Nbd2 Be7 8. c3
c6 9. a4 Ng4 10. Bg3 f5 11. h3 Ngf6 12. Ne5 Nxe5 13. dxe5 Ne4 14. Qh5+ Kf8 15.
Bxe4 fxe4 16. Rd1 Bd7 17. O-O Qe8 18. Qg4 Kg8 19. h4 Kh7 20. f3 exf3 21. Rxf3 g6
22. Rdf1 Rf8 23. Rf4 Rf5 24. e4 Rxf4 25. Qxf4 Kg7 26. Qe3 Qd8 27. Nf3 Qa5 28.
Bf4 Rh8 29. b4 Qc7 30. a5 Qd8 31. g3 Qc7 32. exd5 cxd5 33. Nd4 Qc4 34. Qf3 Rf8
35. Qg4 Qc8 36. Qe2 Qc7 37. Qd3 Rc8 38. h5 gxh5 39. Qe3 Qxc3 40. Bxh6+ Kg6 41.
Qf4 Be8 42. Nxe6 Qxb4 43. Nf8+ Bxf8 44. Qg5+ Kh7 45. Bxf8 Qd4+ 46. Rf2 Qd1+ 47.
Kh2 Qg4 48. Qe7+ Kg8 49. Bh6 Bd7 50. Qf7+ Kh8 51. Qf6+ Kg8 52. Qf7+ Kh8 53. Qf6+
Kg8 {Game drawn by mutual agreement} 1/2-1/2

[Event "Team 45 45 League T55"]
[Site "Internet Chess Club"]
[Date "2012.11.18"]
[Round "1"]
[White "FlyingTiger"]
[Black "justice02"]
[Result "1-0"]
[WhiteElo "1710"]
[BlackElo "1707"]
[Opening "French: Winawer, advance, Bogolyubov variation"]
[ECO "C17"]
[Time "21:00:06"]
[TimeControl "2700+45"]

1. e4 e6 2. d4 d5 3. Nc3 Bb4 4. e5 c5 5. Bd2 cxd4 6. Nb5 Bc5 7. Qg4 Ne7 8. b4 a6
9. bxc5 axb5 10. Qxg7 Rg8 11. Qxh7 Nd7 12. Nf3 Nxc5 13. Bxb5+ Bd7 14. Bxd7+ Kxd7
15. O-O d3 16. Bb4 b6 17. Bxc5 bxc5 18. Qxd3 c4 19. Qc3 Nc6 20. Rfb1 Qf8 21.
Rb7+ Kc8 22. Qb2 Nd8 23. Rb1 Nc6 24. Qb6 {Black resigns} 1-0

[Event "Team 45 45 League T55"]
[Site "Internet Chess Club"]
[Date "2012.11.14"]
[Round "1"]
[White "timothysmall56"]
[Black "Portola"]
[Result "0-1"]
[WhiteElo "1661"]
[BlackElo "1780"]
[Opening "French: Rubinstein variation"]
[ECO "C10"]
[Time "20:01:25"]
[TimeControl "2700+45"]

1. e4 e6 2. d4 d5 3. Nc3 dxe4 4. Nxe4 Be7 5. Nf3 Nf6 6. Bd3 Nbd7 7. Nc3 b6 8.
O-O Bb7 9. Re1 O-O 10. Bf4 a6 11. Qe2 h6 12. Rad1 Re8 13. a3 Qc8 14. b4 c5 15.
b5 cxd4 16. Nb1 Nc5 17. bxa6 Bxf3 18. Qxf3 Nxd3 19. Qxd3 Rd8 20. Be5 Qxa6 21.
Qxa6 Rxa6 22. Rxd4 Rxd4 23. Bxd4 Nd7 24. Re3 Ra4 25. Rd3 Nc5 26. Bxc5 Bxc5 27.
Rb3 Rf4 28. Rf3 Rc4 29. Nc3 Bd4 30. Nb5 Rxc2 31. Kf1 Bc5 32. Nc3 Bxa3 33. Na4
Bc5 34. Nxc5 bxc5 35. Ke1 Rc4 36. Kd2 Rd4+ 37. Kc3 e5 38. Rd3 f6 39. f3 h5 40.
g3 g5 41. h3 Kf7 42. Rxd4 cxd4+ 43. Kd3 Ke6 44. f4 gxf4 45. gxf4 Kf5 46. fxe5
fxe5 {White resigns} 0-1

[Event "Team 45 45 League T55"]
[Site "Internet Chess Club"]
[Date "2012.11.16"]
[Round "1"]
[White "Pinkberry"]
[Black "Barrett-CCSCSL"]
[Result "0-1"]
[WhiteElo "1975"]
[BlackElo "2072"]
[Opening "Queen's pawn, Mason variation"]
[ECO "D00"]
[Time "22:32:53"]
[TimeControl "2700+45"]

1. d4 d5 2. Bf4 e6 3. e3 Bd6 4. Bg3 Nd7 5. Nd2 Ngf6 6. Ngf3 O-O 7. Bd3 Qe7 8.
Ne5 g6 9. e4 dxe4 10. Nxe4 Nxe4 11. Bxe4 Bxe5 12. dxe5 Qb4+ 13. Kf1 Qxe4 14. h4
b6 15. h5 Ba6+ 16. Kg1 Rad8 17. Rh4 Qc6 18. Qc1 Rfe8 19. Qh6 Nf8 20. Bf4 Rd4 21.
Bg5 Bb7 22. f3 Rxh4 23. Bxh4 Qc5+ 24. Kh1 Qxe5 25. Re1 Qxh5 26. Qf4 {White
resigns} 0-1

[Event "Team 45 45 League T55"]
[Site "Internet Chess Club"]
[Date "2012.11.15"]
[Round "1"]
[White "Epcot"]
[Black "Justi"]
[Result "1-0"]
[WhiteElo "2020"]
[BlackElo "2091"]
[Opening "King's Indian: fianchetto, lesser Simagin (Spassky) variation"]
[ECO "E62"]
[Time "21:09:12"]
[TimeControl "2700+45"]

1. d4 Nf6 2. c4 g6 3. g3 Bg7 4. Bg2 O-O 5. Nc3 d6 6. Nf3 Nc6 7. O-O Bf5 8. d5
Na5 9. Nd2 c5 10. e4 Bd7 11. Qc2 a6 12. b3 b5 13. Bb2 Rb8 14. Rab1 e6 15. dxe6
fxe6 16. e5 dxe5 17. Nce4 Nxe4 18. Nxe4 Rc8 19. Rbd1 Nc6 20. Rxd7 Qxd7 21. Nxc5
Qe7 22. Nxe6 Nd4 23. Bxd4 exd4 24. Bh3 bxc4 25. Nxf8 Rxf8 26. Qxc4+ Kh8 27. Qxa6
Qc7 28. Qd3 Qa5 29. a4 Rb8 30. Be6 Re8 31. Bd7 Rd8 32. Bb5 Rc8 33. Rd1 Rc3 34.
Qe4 Qd8 35. Bc4 h6 36. a5 d3 37. Rxd3 Rc1+ 38. Kg2 Qxa5 39. Qe8+ Kh7 40. Qg8#
{Black checkmated} 1-0

[Event "Team 45 45 League T55"]
[Site "Internet Chess Club"]
[Date "2012.11.17"]
[Round "1"]
[White "chess09"]
[Black "bshribharath"]
[Result "1-0"]
[WhiteElo "2047"]
[BlackElo "1831"]
[Opening "QGD Slav: 4.Nc3"]
[ECO "D15"]
[Time "17:41:02"]
[TimeControl "2700+45"]

1. d4 d5 2. c4 c6 3. Nc3 Nf6 4. Nf3 a6 5. Bg5 Bf5 6. e3 e6 7. Be2 Be7 8. O-O h6
9. Bh4 Nbd7 10. Rc1 O-O 11. Qb3 b5 12. c5 e5 13. Rfd1 e4 14. Nd2 Bg4 15. Bxg4
Nxg4 16. Bxe7 Qxe7 17. h3 Ngf6 18. Nf1 Ne8 19. Ne2 f5 20. Nfg3 g5 21. Nc3 Kh8
22. Nxd5 cxd5 23. Qxd5 Nc7 24. Qc6 Ne6 25. Nxf5 Rxf5 26. Qxa8+ {Black resigns}
1-0

[Event "Team 45 45 League T55"]
[Site "Internet Chess Club"]
[Date "2012.11.16"]
[Round "1"]
[White "az2112"]
[Black "jps7"]
[Result "0-1"]
[WhiteElo "1644"]
[BlackElo "1606"]
[Opening "French: Tarrasch"]
[ECO "C03"]
[Time "21:30:06"]
[TimeControl "2700+45"]

1. e4 e6 2. d4 d5 3. Nd2 dxe4 4. Nxe4 Nf6 5. Ng3 Bd6 6. Nf3 O-O 7. Bg5 h6 8.
Bxf6 Qxf6 9. Ne4 Qg6 10. Nxd6 cxd6 11. Qd3 Qh5 12. O-O-O b6 13. Qe4 d5 14. Qe5
Qxe5 15. Nxe5 Nd7 16. Bb5 Nf6 17. f3 Bb7 18. g4 Rac8 19. h4 a6 20. Bd3 Nh7 21.
g5 h5 22. Nxf7 Rxf7 23. g6 Rxf3 24. gxh7+ Kh8 25. Rde1 Rxd3 26. Rxe6 Rxd4 27.
Rxb6 Rc7 {White resigns} 0-1

[Event "Team 45 45 League T55"]
[Site "Internet Chess Club"]
[Date "2012.11.25"]
[Round "1"]
[White "HomerSimpson"]
[Black "QueensCounselor"]
[Result "0-1"]
[WhiteElo "2045"]
[BlackElo "2068"]
[Opening "Polish (Sokolsky) opening"]
[ECO "A00"]
[Time "12:01:49"]
[TimeControl "2700+45"]

1. b4 e5 2. Bb2 Bxb4 3. Bxe5 Nf6 4. Nc3 Nc6 5. Bxf6 Qxf6 6. Nd5 Qd8 7. Nf3 Ba5
8. g3 d6 9. Bg2 O-O 10. O-O Re8 11. c4 Ne5 12. Qc2 c6 13. Nf4 Bg4 14. d4 Nxf3+
15. exf3 Bd7 16. Rab1 Qc8 17. Rb2 Rb8 18. Rd1 a6 19. a4 b5 20. cxb5 axb5 21.
axb5 cxb5 22. Qxc8 Rexc8 23. Nd5 Kf8 24. Ra1 Bd8 25. f4 Rc4 26. Rb4 Rbc8 27. Kf1
Rxb4 28. Nxb4 Rc4 29. Nd5 Ra4 30. Rb1 Rxd4 31. Nc3 b4 32. Ne2 Bb5 33. Ke1 Rc4
34. Bd5 Rc5 35. Bb3 Bf6 36. Kd2 d5 37. Rc1 Rxc1 38. Nxc1 Bc3+ 39. Kc2 d4 40. Nd3
Ke7 41. Ne5 f6 42. Nd3 Kd6 43. Nc1 Kc6 44. Nd3 Kb6 45. Nb2 Bxb2 46. Kxb2 d3 47.
Bg8 h6 48. Bb3 Kc5 49. Bd1 Bc4 50. Bf3 Kd4 51. Bc6 Bd5 52. Bb5 Bf3 {White
resigns} 0-1

[Event "Team 45 45 League T55"]
[Site "Internet Chess Club"]
[Date "2012.11.16"]
[Round "1"]
[White "fledermaus"]
[Black "TerryMalloy"]
[Result "0-1"]
[WhiteElo "1919"]
[BlackElo "2076"]
[Opening "Benkö gambit"]
[ECO "A57"]
[Time "20:46:21"]
[TimeControl "2700+45"]

1. d4 Nf6 2. c4 c5 3. d5 b5 4. Nf3 g6 5. cxb5 d6 6. Nc3 a6 7. b6 Bg7 8. e4 Nbd7
9. a4 Qxb6 10. Nd2 O-O 11. Nc4 Qc7 12. Be2 Rb8 13. O-O Re8 14. Qc2 Nb6 15. Ne3
e6 16. a5 Na8 17. Bc4 exd5 18. Nexd5 Nxd5 19. Nxd5 Qd7 20. Ra2 Bb7 21. Re1 Bxd5
22. Bxd5 Nc7 23. Qc4 Rb4 24. Qd3 Rd4 25. Qb3 Nxd5 {White resigns} 0-1

[Event "Team 45 45 League T55"]
[Site "Internet Chess Club"]
[Date "2012.11.18"]
[Round "1"]
[White "chsrules88"]
[Black "SaltofLife"]
[Result "1-0"]
[WhiteElo "2036"]
[BlackElo "1854"]
[Opening "French: advance, Milner-Barry gambit"]
[ECO "C02"]
[Time "16:36:57"]
[TimeControl "2700+45"]

1. e4 e6 2. d4 d5 3. e5 c5 4. c3 Qb6 5. Nf3 Nc6 6. Bd3 cxd4 7. cxd4 Bd7 8. Bc2
Nb4 9. O-O Nxc2 10. Qxc2 Ne7 11. Nc3 Rc8 12. Qd3 Nc6 13. a3 Na5 14. b4 Nc4 15.
Nd2 Be7 16. Nb3 O-O 17. Nc5 Bc6 18. Be3 Qc7 19. Rfc1 b6 20. Nb3 Qd7 21. g3 a6
22. Nd2 Nxa3 23. Rxa3 Bxb4 24. Raa1 a5 25. Na2 Be7 26. Qa6 Rb8 27. Rab1 Bd8 28.
Qd3 Be7 29. Qa6 Bd8 30. Rb2 Ra8 31. Qd3 Be7 32. Rxb6 Rfc8 33. Nb3 Ba3 34. Nc5
Bxc5 35. Rxc5 a4 36. Bc1 Rab8 37. Qb1 Qa7 38. Rcxc6 {Black resigns} 1-0

[Event "Team 45 45 League T55"]
[Site "Internet Chess Club"]
[Date "2012.11.18"]
[Round "1"]
[White "Wholebrain"]
[Black "cyborg86"]
[Result "1-0"]
[WhiteElo "1922"]
[BlackElo "1809"]
[Opening "Queen's pawn: Keres defense"]
[ECO "A40"]
[Time "16:53:03"]
[TimeControl "2700+45"]

1. d4 e6 2. c4 b6 3. e4 Bb7 4. Nc3 Bb4 5. Qc2 Qh4 6. Bd3 f5 7. Nf3 Qg4 8. O-O
Bxc3 9. h3 Qh5 10. bxc3 Nf6 11. Nd2 Qg6 12. f3 fxe4 13. Nxe4 Nxe4 14. fxe4 Nc6
15. e5 Qh5 16. Ba3 O-O-O 17. Be4 g5 18. Rab1 g4 19. Qe2 Rdg8 20. hxg4 Qxg4 21.
Rf8+ Rxf8 22. Qxg4 Rfg8 23. Qe2 h5 24. c5 h4 25. cxb6 axb6 26. Qf3 h3 27. Rb2
Rh4 28. g3 Rhg4 29. Kh2 Kb8 30. Re2 Ba6 31. Rf2 Bb7 32. Re2 Ba6 33. Re1 Na5 34.
Bc1 Bc4 35. a3 Nb3 36. Bf4 R4g7 37. Rb1 Na5 38. Rb4 Rf7 39. d5 Ka7 40. dxe6 dxe6
41. Bd3 Bd5 42. Qe3 Rd7 43. Be4 Bc4 44. Ra4 Kb8 45. Rxa5 bxa5 46. Qc5 Bd5 47.
Qb5+ Kc8 48. Qa6+ Kd8 49. Bxd5 Rxd5 50. Qxe6 {Black resigns} 1-0

[Event "Team 45 45 League T55"]
[Site "Internet Chess Club"]
[Date "2012.11.18"]
[Round "1"]
[White "steadman"]
[Black "primerpaso"]
[Result "1-0"]
[WhiteElo "2124"]
[BlackElo "1925"]
[Opening "Catalan: closed, 7.Qc2"]
[ECO "E08"]
[Time "12:00:32"]
[TimeControl "2700+45"]

1. d4 Nf6 2. c4 e6 3. Nf3 d5 4. g3 Be7 5. Bg2 O-O 6. O-O Nbd7 7. Qc2 c5 8. Rd1
a6 9. cxd5 Nxd5 10. Nc3 Nxc3 11. bxc3 Qc7 12. Bf4 Bd6 13. Ng5 g6 14. Bxd6 Qxd6
15. Rab1 Qe7 16. Ne4 Rb8 17. Qc1 f5 18. Nxc5 Nxc5 19. Qa3 Kf7 20. Qxc5 Qxc5 21.
dxc5 Ke7 22. Rd6 Rd8 23. Rdb6 Rd2 24. c6 Rxa2 25. c7 Ra8 26. Rxb7 Rc2 27. Rb8
Ra7 28. Rxc8 Kd6 29. Rd1+ Ke7 {Black resigns} 1-0

[Event "Team 45 45 League T55"]
[Site "Internet Chess Club"]
[Date "2012.11.16"]
[Round "1"]
[White "cesaralexander"]
[Black "NAN"]
[Result "0-1"]
[WhiteElo "1919"]
[BlackElo "1952"]
[Opening "King's Indian: Four pawns attack, dynamic line"]
[ECO "E76"]
[Time "07:42:29"]
[TimeControl "2700+45"]

1. d4 Nf6 2. c4 g6 3. Nc3 Bg7 4. e4 d6 5. f4 O-O 6. Nf3 c5 7. d5 e6 8. dxe6 Bxe6
9. Bd3 Nc6 10. O-O a6 11. f5 Bd7 12. Bg5 Qb8 13. fxg6 fxg6 14. a4 Be6 15. Nd5
Bxd5 16. exd5 Ne5 17. Nxe5 dxe5 18. Qe2 Qd6 19. h4 Rae8 20. Bxf6 Rxf6 21. Rxf6
Qxf6 22. Rf1 Qxh4 23. Rf3 Qd4+ 24. Kh1 e4 25. Bxe4 {White resigns} 0-1

[Event "Team 45 45 League T55"]
[Site "Internet Chess Club"]
[Date "2012.11.18"]
[Round "1"]
[White "CHENENE"]
[Black "CaoCao"]
[Result "1/2-1/2"]
[WhiteElo "1589"]
[BlackElo "1867"]
[Opening "English opening"]
[ECO "A10"]
[Time "20:07:36"]
[TimeControl "2700+45"]

1. c4 b6 2. Nc3 Nf6 3. Nf3 Bb7 4. d3 e6 5. g3 Be7 6. Bg2 O-O 7. O-O d6 8. Qc2
Nbd7 9. b4 a5 10. b5 Rb8 11. a4 e5 12. Bb2 Re8 13. Rfe1 Bf8 14. Nd2 Bxg2 15.
Kxg2 Nc5 16. Nd5 Nxd5 17. cxd5 {Game drawn by mutual agreement} 1/2-1/2

[Event "Team 45 45 League T55"]
[Site "Internet Chess Club"]
[Date "2012.11.18"]
[Round "1"]
[White "jotap"]
[Black "Drekov"]
[Result "0-1"]
[WhiteElo "1572"]
[BlackElo "1838"]
[Opening "Caro-Kann: advance variation"]
[ECO "B12"]
[Time "07:33:01"]
[TimeControl "2700+45"]

1. e4 c6 2. d4 d5 3. e5 Bf5 4. Bd3 Bxd3 5. Qxd3 e6 6. Ne2 c5 7. c3 Qb6 8. O-O
Nc6 9. Nd2 cxd4 10. cxd4 Nb4 11. Qb3 Rc8 12. a3 Nc6 13. Qxb6 axb6 14. Nf3 Nge7
15. Bd2 Nf5 16. Rac1 Kd7 17. Rc3 Be7 18. Rfc1 Na5 19. Rxc8 Rxc8 20. Rxc8 Kxc8
21. g4 Nh4 22. Nxh4 Bxh4 23. Bxa5 bxa5 24. a4 Kd7 25. Nc3 Bd8 26. Nb5 Bb6 27. f4
f6 28. Kf2 Bd8 29. Nd6 b6 30. Ke3 Be7 31. Nb5 fxe5 32. fxe5 Bg5+ 33. Kf3 Be7 34.
Ke3 Ke8 35. Na7 Kf7 36. Nc8 Bd8 37. Nd6+ Ke7 38. h4 Kd7 39. g5 Be7 40. Nb5 Ke8
41. Kf3 h6 42. gxh6 gxh6 43. Kg4 Kf7 44. Kh5 Bd8 45. Nd6+ Kg7 46. Ne8+ Kf7 47.
Nd6+ Kg7 48. Ne8+ Kf7 49. Nd6+ Kg7 50. b3 Kh7 51. Nf7 Be7 52. Nxh6 Bxh4 53. Kxh4
Kxh6 54. Kg4 Kg6 55. Kf4 Kh5 56. Kg3 Kg5 57. Kf3 Kf5 58. Ke3 Kg4 59. Kd2 Kf4 60.
Kd3 Kf3 61. Kd2 Ke4 62. Kc3 Ke3 63. b4 axb4+ 64. Kxb4 Kxd4 65. Kb5 Kxe5 66. Kxb6
d4 67. a5 d3 68. a6 d2 69. a7 d1=Q 70. a8=Q Qd4+ 71. Kb5 Qd5+ {White resigns}
0-1

[Event "Team 45 45 League T55"]
[Site "Internet Chess Club"]
[Date "2012.11.20"]
[Round "1"]
[White "JesseRCohen"]
[Black "MaartenKoning"]
[Result "0-1"]
[WhiteElo "2297"]
[BlackElo "2279"]
[Opening "French: Winawer, advance, Bogolyubov variation"]
[ECO "C17"]
[Time "13:47:35"]
[TimeControl "2700+45"]

1. e4 e6 2. d4 d5 3. Nc3 Bb4 4. e5 c5 5. Bd2 Ne7 6. a3 Bxc3 7. Bxc3 b6 8. Qg4
O-O 9. b4 Nbc6 10. Nf3 cxd4 11. Bd3 f5 12. exf6 Rxf6 13. Nxd4 e5 14. Nxc6 Rxc6
15. Qg3 Rxc3 16. Bxh7+ Kxh7 17. Qxc3 d4 18. Qf3 Bf5 19. O-O Bxc2 20. Qh5+ Kg8
21. Qxe5 d3 22. Rae1 d2 23. Qxe7 dxe1=Q 24. Rxe1 Qxe7 25. Rxe7 a5 26. bxa5 Rxa5
27. Re3 Rd5 28. f3 Rd3 29. Kf2 Kf7 30. Rxd3 Bxd3 31. Ke3 Bb1 32. Kd4 Ke6 33. Kc4
Kd6 34. Kb5 Kc7 35. Kc4 Kc6 36. Kd4 Kb5 37. Kc3 Ka4 38. Kb2 Bd3 39. f4 Be4 40.
g4 Bf3 41. h3 Bg2 42. h4 Bf3 43. g5 Bg4 44. g6 Bf5 45. h5 b5 46. Kc3 Kxa3 47.
Kd4 b4 48. Ke5 b3 49. Kxf5 b2 50. Ke6 b1=Q 51. Kf7 Qf5+ 52. Kxg7 Qxh5 53. Kf6
Qh6 54. f5 Qf8+ 55. Ke6 Kb4 56. f6 Kc5 57. f7 Qd6+ 58. Kf5 Qe7 59. Kg4 Qf6 60.
Kh5 Kd6 61. Kh6 Ke7 62. Kh7 Kf8 63. Kh6 Qe5 64. g7+ Qxg7+ 65. Kh5 Kxf7 {White
resigns} 0-1

[Event "Team 45 45 League T55"]
[Site "Internet Chess Club"]
[Date "2012.11.17"]
[Round "1"]
[White "Barrett-CCSCSL"]
[Black "qlwqznzn"]
[Result "1/2-1/2"]
[WhiteElo "2081"]
[BlackElo "2281"]
[Opening "King's Indian: fianchetto without c4"]
[ECO "A49"]
[Time "08:00:36"]
[TimeControl "2700+45"]

1. d4 Nf6 2. Nf3 g6 3. g3 Bg7 4. Bg2 d6 5. O-O O-O 6. b3 Nbd7 7. Bb2 c6 8. Na3
Qc7 9. Rc1 a5 10. Re1 Re8 11. c4 e5 12. e4 exd4 13. Nxd4 Nc5 14. Qc2 Bd7 15. Re2
Re7 16. Rce1 Rae8 17. Nb1 Qc8 18. Nd2 Bh3 19. f3 Bxg2 20. Kxg2 Nfd7 21. Nf1 Ne5
22. Rd1 h5 23. h3 h4 24. g4 Ned7 25. Ne3 Nf8 26. Ree1 Nfe6 27. Nxe6 Rxe6 28.
Bxg7 Kxg7 29. Qc3+ Kg8 30. Qxa5 Re5 31. Qd2 Qd8 32. Nc2 Qf6 33. Nd4 Ne6 34. Nxe6
R8xe6 35. Qf2 Qe7 36. Qe3 f5 37. Rd4 fxe4 38. Rxe4 Rxe4 39. fxe4 Re5 40. Qh6 Re6
41. Rf1 d5 42. cxd5 cxd5 43. e5 Qe8 44. Re1 d4 45. Qf4 Qc6+ 46. Qf3 d3 47. Qxc6
Rxc6 48. Kf3 Rc2 49. Ke3 Rh2 50. Kxd3 Rxh3+ 51. Ke4 Rg3 52. Kf4 Rg2 53. Rh1 Rxa2
54. Rxh4 b5 55. Rh3 Re2 56. Re3 g5+ 57. Ke4 Rf2 58. Rf3 Re2+ 59. Kf5 Kf7 60.
Kxg5+ Ke6 61. Kf4 Rd2 62. Re3 Rf2+ 63. Kg3 Rf1 64. g5 Rg1+ 65. Kf4 Rf1+ 66. Rf3
Rg1 67. Rh3 Rf1+ 68. Ke4 Re1+ 69. Kd4 Rd1+ 70. Kc3 Kxe5 71. Kb4 Kd6 72. Rg3 Kc6
73. Rg4 Rd7 74. g6 Rg7 75. Rg5 Kb6 76. Rxb5+ Ka6 77. Rg5 Kb6 78. Ka3 Ka6 79. b4
Kb6 80. b5 Kb7 81. Ka4 Kb6 82. Kb4 Kb7 83. Ka5 Ka7 84. b6+ Kb7 85. Kb5 Kb8 86.
Ka6 Ka8 87. Rf5 Ra7+ 88. Kb5 Ra1 89. g7 Rb1+ 90. Ka6 Ra1+ 91. Ra5 Rg1 92. Kb5+
Kb8 93. Ra7 Rg6 94. Rf7 Kc8 95. Rf8+ Kb7 96. g8=Q Rxg8 97. Rf7+ Kb8 98. Ka6 Rh8
99. Re7 Rg8 100. Rd7 Rh8 {Game drawn by mutual agreement} 1/2-1/2

[Event "Team 45 45 League T55"]
[Site "Internet Chess Club"]
[Date "2012.11.19"]
[Round "1"]
[White "hariputter"]
[Black "Warren"]
[Result "1/2-1/2"]
[WhiteElo "2136"]
[BlackElo "2228"]
[Opening "Sicilian defense"]
[ECO "B30"]
[Time "23:00:10"]
[TimeControl "2700+45"]

1. e4 c5 2. Nf3 Nc6 3. c3 d5 4. exd5 Qxd5 5. d4 Bg4 6. Be2 cxd4 7. cxd4 e6 8.
O-O Nf6 9. h3 Bh5 10. Nc3 Qa5 11. Be3 Be7 12. a3 Nd5 13. Qb3 Qb6 14. Qa2 Rd8 15.
Nxd5 exd5 16. Rad1 O-O {Game drawn by mutual agreement} 1/2-1/2

[Event "Team 45 45 League T55"]
[Site "Internet Chess Club"]
[Date "2012.11.18"]
[Round "1"]
[White "Fezzik"]
[Black "avila"]
[Result "1-0"]
[WhiteElo "2201"]
[BlackElo "1991"]
[Opening "QGD: exchange, positional line, 6.Qc2"]
[ECO "D36"]
[Time "23:10:05"]
[TimeControl "2700+45"]

1. d4 d5 2. c4 e6 3. Nc3 Nf6 4. cxd5 exd5 5. Bg5 c6 6. Qc2 Be7 7. e3 Nbd7 8. Bd3
O-O 9. Nge2 Re8 10. O-O Nf8 11. f3 c5 12. Bxf6 Bxf6 13. dxc5 d4 14. Rad1 dxc3
15. Bxh7+ Nxh7 16. Rxd8 Rxd8 17. Nxc3 Bxc3 18. Qxc3 Be6 19. Qb4 Rd7 20. e4 Rad8
21. h3 Nf6 22. a4 a6 23. Kh2 g5 24. Rc1 Nh5 25. c6 bxc6 26. Qa5 f6 27. Rxc6 Nf4
28. Rxe6 Nxe6 29. Qf5 Rd6 30. Qxf6 Rc6 31. h4 gxh4 32. f4 Rf8 33. Qg6+ Kh8 34.
Qh6+ Kg8 35. Qg6+ Kh8 36. f5 Nd4 37. Qh5+ Kg7 38. Qg5+ Kh7 39. Qe7+ Kg8 40. Qd7
Rc2 41. Qxd4 Rb8 42. Qd5+ Kh7 43. Qf7+ Kh8 44. f6 {Black resigns} 1-0